 Dungeon Crawl Stone Soup version 0.24.0-37-gcf1ca852f1 (webtiles) character file.

Game seed: 7056745441285623133, levelgen mode: deterministic

1253 Bombadil the Schismatic (level 8, -13/61 HPs)
             Began as a Demonspawn Abyssal Knight on Nov 23, 2019.
             Was an Elder of Lugonu.
             Mangled by a white ugly thing (31 damage)
             ... on level 6 of the Dungeon.
             The game lasted 00:16:21 (8990 turns).

Bombadil the Schismatic (Demonspawn Abyssal Knight) Turns: 8990, Time: 00:16:22

Health: -13/61     AC: 10    Str: 14    XL:     8   Next: 26%
Magic:  8/12       EV: 13    Int: 13    God:    Lugonu [****..]
Gold:   365        SH:  2    Dex: 14    Spells: 4/7 levels left

rFire    . . .     SeeInvis .   z - +4 quarterstaff (chaos)
rCold    . . .     Gourm    .   (shield currently unavailable)
rNeg     . . .     Faith    .   v - +2 robe {Archmagi}
rPois    .         Spirit   .   (no helmet)
rElec    .         Reflect  +   A - +1 cloak {+Inv}
rCorr    .         Harm     .   (no gloves)
MR       .....                  x - +0 pair of boots
Stlth    ++........             g - +2 amulet of reflection
HPRegen  0.20/turn              (no ring)
MPRegen  0.13/turn              (no ring)

@: no status effects
A: icy blue scales 2, foul stench 1, powered by death 1, rot immunity
a: Depart the Abyss, Bend Space, Banish, Corrupt, Renounce Religion, Evoke
Invisibility


You were on level 6 of the Dungeon.
You worshipped Lugonu.
Lugonu was greatly pleased with you.
You were not hungry.

You visited 2 branches of the dungeon, and saw 7 of its levels.
You visited the Abyss 1 time.
You also visited: Sewer and Ossuary.

You collected 365 gold pieces.

Inventory:

Hand Weapons
 a - a +1 hand axe
 u - a +0 dagger
 z - a +4 quarterstaff of chaos (weapon)
Missiles
 o - 2 boomerangs (quivered)
 y - 4 throwing nets
Armour
 b - a +0 leather armour
 v - a +2 robe of the Archmagi (worn)
 x - a +0 pair of boots (worn)
 A - a +1 cloak of invisibility (worn)
Jewellery
 g - a +2 amulet of reflection (around neck)
Scrolls
 d - 3 scrolls of magic mapping
 h - 3 scrolls of fog {unknown}
 k - 2 scrolls of remove curse {unknown}
 l - 2 scrolls of enchant weapon {unknown}
 n - 2 scrolls of blinking {unknown}
 p - 3 scrolls of teleportation
Potions
 e - 4 potions of might
 f - 3 potions of curing
 i - 3 potions of haste
 j - 2 potions of brilliance
 q - a potion of lignification
 r - a potion of cancellation
 s - a potion of degeneration {unknown}
 t - a potion of agility {unknown}
 w - a potion of magic {unknown}
Miscellaneous
 m - a lightning rod (4/4)
Comestibles
 c - 4 rations
 B - 3 chunks of flesh


   Skills:
 + Level 4.5 Fighting
 + Level 6.0 Axes
 + Level 0.2 Staves
 + Level 1.1 Throwing
 + Level 3.2 Armour
 + Level 3.0 Dodging
 + Level 1.0 Stealth
 * Level 0.3 Hexes
 * Level 6.5 Invocations


You had 4 spell levels left.
You knew the following spells:

 Your Spells              Type           Power        Failure   Level  Hunger
a - Confuse               Hex            #.......     63%         3    ####...

Your spell library contained the following spells:

 Spells                   Type           Power        Failure   Level  Hunger
 Corona                   Hex            #......      26%         1    ##.....
 Ensorcelled Hibernation  Hex/Ice        #.....       41%         2    ###....
 Tukima's Dance           Hex            #.......     63%         3    ####...
 Dazzling Spray           Conj/Hex       #.....       65%         3    ####...


Dungeon Overview and Level Annotations

Branches:
Dungeon (6/15)             Temple (1/1) D:5           Sewer (visited)
Ossuary (visited)

Altars:
Ashenzari
Cheibriados
Dithmenos
Elyvilon
Fedhas
Gozag
Makhleb
Nemelex Xobeh
Okawaru
Qazlal
Ru
Sif Muna
Uskayaw
Vehumet
Zin
The Shining One

Shops:
D:5 =

Annotations:
D:4 Duvessa


Innate Abilities, Weirdness & Mutations

You are mostly covered in icy blue scales. (AC +3)
You may emit foul miasma when damaged in melee.
You regenerate a little health from kills.
You are immune to rotting.


Message History

B - 3 chunks of flesh You see here a bullfrog skeleton.
You see here a ring mail.
You see here a bullfrog skeleton.
A white ugly thing comes into view.
Found a ration.
A white ugly thing is nearby!
A white ugly thing is nearby!
A white ugly thing is nearby!
The white ugly thing tentacle-slaps you.
The white ugly thing freezes you!!
The white ugly thing looks sick.
Press: ? - help, Shift-Dir - straight line, f - white ugly thing
Aim: a white ugly thing (sick, chance to defeat MR: 71%)
The white ugly thing struggles to resist.
You feel quite a bit more hungry.
The white ugly thing tentacle-slaps you!
* * * LOW HITPOINT WARNING * * *
The white ugly thing freezes you!!
Ouch! That really hurt!
You die...

## # .##.
..# #
#.#.#
####..#
##รท#.##%#
#[#.## #
###.####
#..u@.#
#####.#
#.# #.#
#.# #.#
### #.#
##.. #.#
####.##
#.#
##...#..


You could see a white ugly thing.

Vanquished Creatures
  3 ogres
  A big kobold (D:5)
  2 bullfrogs
  A scorpion (D:4)
  Dowan (D:4)
  A crimson imp (D:5)
  An orc priest (D:3)
  Crazy Yiuf (D:3)
  A hound (D:5)
  7 orc wizards
  An iguana (D:5)
  3 mummies (Ossuary)
  A worker ant zombie (D:5)
  4 gnolls (D:5)
  10 adders
  2 shadow imps (D:5)
  3 adder zombies (Ossuary)
  3 worms
  A dart slug (D:4)
  12 leopard geckos
  19 orcs
  4 ball pythons
  7 bats
  9 giant cockroaches
  11 goblins
  6 hobgoblins
  9 jackals
  A quokka (D:3)
  6 frilled lizards
  A gnoll zombie (Ossuary)
  3 goblin zombies (Ossuary)
  4 hobgoblin zombies (Ossuary)
  8 kobolds
  A kobold zombie (Ossuary)
  A leopard gecko skeleton (D:5)
  A quokka skeleton (D:5)
  2 quokka zombies (Ossuary)
  7 rats
  6 rat zombies
  A bush (D:5)
166 creatures vanquished.

Vanquished Creatures (others)
  5 toadstools (D:1)
5 creatures vanquished.

Grand Total: 171 creatures vanquished

Notes
Turn   | Place    | Note
-------+----------+-------------------------------------------
     0 | Abyss:1  | Bombadil the Demonspawn Abyssal Knight began the quest for
                  | the Orb.
     0 | Abyss:1  | Reached XP level 1. HP: 18/18 MP: 2/2
     7 | Abyss:1  | Found a corrupted altar of Lugonu.
    13 | D:1      | Escaped the Abyss
   130 | D:1      | Gained mutation: You are partially covered in icy blue
                  | scales. (AC +2) [demonic ancestry]
   130 | D:1      | Reached XP level 2. HP: 9/24 MP: 3/3
  1162 | D:2      | Gained mutation: You are immune to rotting. [demonic
                  | ancestry]
  1162 | D:2      | Reached XP level 3. HP: 11/30 MP: 5/5
  1732 | D:2      | Reached skill level 1 in Dodging
  1733 | D:2      | Reached ** piety under Lugonu
  1924 | D:2      | Noticed an ogre
  2210 | D:3      | Found a glowing drain.
  2220 | Sewer    | Entered a sewer
  2317 | Sewer    | Reached XP level 4. HP: 32/37 MP: 6/6
  2765 | Sewer    | Noticed a bullfrog
  2773 | Sewer    | Killed a bullfrog
  2773 | Sewer    | Gained mutation: You are mostly covered in icy blue scales.
                  | (AC +3) [demonic ancestry]
  2773 | Sewer    | Reached XP level 5. HP: 38/42 MP: 7/7
  3448 | D:3      | Found a runed translucent door.
  3449 | D:3      | Noticed Crazy Yiuf
  3741 | D:3      | Reached *** piety under Lugonu
  3874 | D:3      | Found a burning altar of Makhleb.
  4176 | D:3      | Gained mutation: You regenerate a little health from kills.
                  | [demonic ancestry]
  4176 | D:3      | Reached XP level 6. HP: 25/48 MP: 9/9
  4790 | D:4      | Noticed Dowan
  4802 | D:4      | Noticed Duvessa
  4920 | D:3      | Gained mutation: You may emit foul miasma when damaged in
                  | melee. [demonic ancestry]
  4920 | D:3      | Reached XP level 7. HP: 21/54 MP: 10/10
  5238 | D:4      | Found a sand-covered staircase.
  5247 | Ossuary  | Entered an ossuary
  5408 | Ossuary  | Reached skill level 5 in Invocations
  5538 | Ossuary  | Reached **** piety under Lugonu
  5664 | D:4      | Killed Dowan
  5943 | D:4      | Reached skill level 5 in Axes
  6861 | D:5      | Entered Level 5 of the Dungeon
  6877 | D:5      | Reached skill level 1 in Throwing
  7326 | D:5      | Found a shimmering blue altar of Sif Muna.
  7352 | D:5      | Found Xoetevi's Jewellery Boutique.
  7448 | D:5      | Reached skill level 1 in Stealth
  7448 | D:5      | Reached XP level 8. HP: 61/61 MP: 12/12
  7462 | D:5      | Found a staircase to the Ecumenical Temple.
  7471 | Temple   | Entered the Ecumenical Temple
  8400 | D:3      | Killed Crazy Yiuf
  8926 | D:6      | Found a sacrificial altar of Ru.
  8933 | D:6      | Learned a level 3 spell: Confuse
  8984 | D:6      | Noticed a white ugly thing
  8990 | D:6      | Mangled by a white ugly thing

Levels and vault maps discovered:
D:1:      evilmike_arrival_run_for_it, layout_basic, minmay_gold_behind_fungi
D:2:      layout_loops_ring, nicolae_overflow_crystal_walls
D:3:      layout_loops_ring, lemuel_coloured_pillars_altar,
          portal_sewer_entry_a, minmay_goblin_outpost, uniq_crazy_yiuf_cottage
D:4:      layout_cave_pools, lemuel_round_altar, enter_ossuary_4, first_ration,
          minmay_quantized, uniq_duvessa
D:5:      layout_rooms, minmay_temple_entry_hall, serial_shops,
          nicolae_shop_statue_plus, basic_altar, lexackson_kobold_supper
D:6:      minmay_cornered_nines, layout_loops_ring, nicolae_ru_awakened_eye,
          marbit_many_paths, kennysheep_mini_moat, bloody_trog
Temple:   eino_temple_water

Skill      XL: |  1  2  3  4  5  6  7  8 |
---------------+-------------------------+-----
Armour         | 2 3 |  3.2
Axes           | 2 3 4 5 6 |  6.0
Dodging        | 1 2 3 |  3.0
Invocations    | 3 4 5 6 |  6.5
Fighting       | 4 |  4.5
Throwing       | 1 |  1.1
Stealth        | 1 |  1.0
Staves         | |  0.2
Hexes          | |  0.3

Action                   |  1- 3 |  4- 6 |  7- 9 || total
-------------------------+-------+-------+-------++-------
Melee: Hand axe          |   161 |   232 |   339 ||   732
       Unarmed           |       |       |    12 ||    12
       Quarterstaff      |       |       |    20 ||    20
Throw: Boomerang         |       |    15 |    11 ||    26
Invok: Banish            |       |       |     1 ||     1
Evoke: Lightning rod     |       |     1 |     1 ||     2
  Use: Scroll            |       |       |     6 ||     6
       Potion            |       |       |     2 ||     2
 Stab: Sleeping          |       |       |     1 ||     1
  Eat: Chunk             |     4 |     9 |     7 ||    20
       Ration            |       |       |     2 ||     2
Armor: Leather armour    |    72 |    71 |    34 ||   177
       Robe              |       |       |    52 ||    52
       Skin              |       |       |    13 ||    13
Dodge: Dodged            |   121 |   153 |   195 ||   469
Block: Other             |       |       |     6 ||     6
